 Dungeon Crawl Stone Soup version 0.30-b1-2-g02819fbbbe (webtiles) character file.

Game seed: 10408954056173565075

17667 Alarkh the Marksdemonspawn (level 12, 78/78 HPs)
             Began as a Demonspawn Hunter on May 24, 2023.
             Was a Follower of Uskayaw.
             Got out of the dungeon alive.
             The game lasted 00:20:27 (9867 turns).

Alarkh the Marksdemonspawn (Demonspawn Hunter)      Turns: 9867, Time: 00:20:28

Health: 78/78      AC: 13    Str: 17    XL:     12   Next: 20%
Magic:  12/12      EV: 11    Int: 16    God:    Uskayaw [*.....]
Gold:   374        SH:  0    Dex: 17    Spells: 11/11 levels left

rFire   . . .        a - +2 arbalest (freeze)
rCold   . . .        (shield currently unavailable)
rNeg    . . .        q - +1 acid dragon scales
rPois   .            F - +2 hat
rElec   .            (no cloak)
rCorr   +            (gloves unavailable)
SInv    .            j - +0 pair of boots
Will    .....        (no amulet)
Stlth   ++           h - +6 ring of strength
HPRegen 0.33/turn    (no ring)
MPRegen 0.26/turn

%: no passive effects
@: no status effects
A: spiny 1, magic regeneration, sharp scales 3, demonic touch 3
a: Renounce Religion, Stomp


You escaped.
You worshipped Uskayaw.
Uskayaw was noncommittal.
You visited 2 branches of the dungeon, and saw 10 of its levels.

You collected 614 gold pieces.
You spent 240 gold pieces at shops.

Inventory:

Hand Weapons
 a - a +2 arbalest of freezing (weapon)
 b - a +0 dagger of electrocution
 p - a +1 shortbow
 u - a +1 short sword of flaming
 A - the +3 flail of Gim Inn {holy, Int+2}
   (You took it off a kobold on level 6 of the Dungeon)

   Int:       It affects your intelligence (+2).
Armour
 j - a +0 pair of boots (worn)
 q - +1 acid dragon scales (worn)
 F - a +2 hat (worn)
Magical Staves
 e - a staff of cold
 f - a staff of conjuration
 s - a staff of fire
Jewellery
 h - a +6 ring of strength (left hand)
 k - a ring of ice
Wands
 x - a wand of digging (2)
 y - a wand of acid (11)
 z - a wand of flame (11)
Scrolls
 d - a scroll of brand weapon
 i - 2 scrolls of immolation
 l - 2 scrolls of amnesia
 o - 2 scrolls of fear
 r - a scroll of identify
 t - 2 scrolls of fog
 v - a scroll of enchant armour
 w - 5 scrolls of magic mapping
 C - 3 scrolls of teleportation
 D - a scroll of blinking
 E - 2 scrolls of poison
Potions
 g - a potion of haste {unknown}
 m - a potion of brilliance
 n - 4 potions of curing
 B - 3 potions of might
 G - a potion of berserk rage {unknown}
 H - a potion of cancellation {unknown}


   Skills:
 - Level 2.0 Fighting
 * Level 17.8 Ranged Weapons
 - Level 1.7 Dodging
 - Level 2.0 Stealth


You had 11 spell levels left.
You didn't know any spells.
Your spell library contained the following spells:

 Spells                   Type           Power      Damage    Failure   Level
 Sting                    Tmut/Pois      0%         1d3       34%         1
 Cigotuvi's Dreadful Rot  Necr/Pois/Air  0%         N/A       45%         2
 Lesser Beckoning         Tloc           0%         N/A       45%         2
 Poisonous Vapours        Pois/Air       0%         N/A       45%         2
 Gell's Gravitas          Tloc           0%         N/A       71%         3
 Inner Flame              Hex/Fire       0%         N/A       71%         3
 Teleport Other           Tloc           0%         N/A       71%         3
 Dispel Undead            Necr           0%         3d6       98%         4
 Olgreb's Toxic Radiance  Pois           0%         N/A       98%         4
 Yara's Violent Unravell  Hex/Tmut       0%         3d3       100%        5
 Death Channel            Necr           0%         N/A       100%        6
 Enfeeble                 Hex            0%         N/A       100%        7


Dungeon Overview and Level Annotations

Branches:
Dungeon (9/15)             Temple (1/1) D:6             Orc (0/2) D:9
   Lair: D:8-11

Altars:
Ashenzari
Cheibriados
Dithmenos
Fedhas
Hepliaklqana
Kikubaaqudgha
Makhleb
Okawaru
Qazlal
Ru
Sif Muna
Trog
Uskayaw
Vehumet
Xom
Yredelemnul

Shops:
D:1 [**[*   D:8 ([:[

Annotations:
D:7 3 runed translucent doors, dxctxrx's ghost, novice DjTm
D:9 2 transporters, 3 runed translucent doors, NimIero's ghost, journeyman HuBe


Innate Abilities, Weirdness & Mutations

You are partially covered in sharp spines.
You regenerate magic rapidly.
You are completely covered in razor-sharp scales. (AC +3, Slay +3)
Your touch may irresistibly damage your foes and sap their willpower.


Message History

There is a stone staircase leading up here.
You climb upwards.
There is a stone staircase leading down here.
There is a stone staircase leading down here.
There is a stone staircase leading up here.
You climb upwards.
Level annotation: 3 runed translucent doors, dxctxrx's ghost, novice DjTm
There is a stone staircase leading down here.
There is a stone staircase leading up, spattered with blood here.
You climb upwards.
There is a stone staircase leading down here.
There is a stone staircase leading up, spattered with blood here.
You climb upwards.
There is a stone staircase leading down here.
There is an escape hatch in the floor here.
You see here a +0 giant spiked club.
There is a stone staircase leading up here.
You climb upwards.
There is a stone staircase leading down here.
Things that are here:
a +0 robe; a +0 dagger
There is a stone staircase leading up here.
You climb upwards.
There is a stone staircase leading down here.
There is an open door here.
There is a stone staircase leading up here.
You climb upwards.
There is a stone staircase leading down here.
There is an escape hatch in the floor here.
There is a stone staircase leading up here.
You climb upwards.
There is a stone staircase leading down here.
There is an entrance to Heverap's Assorted Antiques here.
There is an open door here.
You see here a +0 club.
There is an open door here.
There is an open door here.
There is a staircase leading out of the dungeon here.
Are you sure you want to leave the Dungeon?
This will make you lose the game!
You have escaped!

######## ##
########......###.
#....#.#.##.......
#.##.'....#.#.#...
#....#.#..#.#.##..
#....#......#.###.
#@...+....###.# #.
#....#.#......# #.
#....#.##.#######+
#.##.'....# ##..
#....#...## ##...
#######..# ##....
##...####.....
#.......'.....
##....###.....


There were no monsters in sight!

Vanquished Creatures
  Gastronok (D:8)
  A two-headed ogre (D:9)
  Erica (D:8)
  Pikel (D:9)
  Maggie (D:8)
  Grinder (D:6)
  Sigmund (D:4)
  2 wyverns
  A wraith (D:7)
  3 yaks (D:8)
  A steam dragon (D:9)
  4 water moccasins
  Duvessa (D:4)
  5 orc warriors
  2 ice beasts
  A sky beast (D:6)
  A black bear (D:4)
  A swamp drake (D:9)
  2 centaurs
  3 ogres
  A phantom (D:3)
  4 kobold brigands
  Blork the orc (D:5)
  6 bullfrogs
  A gnoll sergeant (D:9)
  2 scorpions
  12 wights
  Dowan (D:4)
  4 killer bees
  3 howler monkeys
  2 jellies
  6 hounds
  7 orc priests
  Jessica (D:2)
  An iguana (D:5)
  2 gnoll boudas
  7 orc wizards
  8 adders
  15 gnolls
  9 river rats (D:6)
  2 white imps (D:5)
  An ufetubus (D:6)
  3 worms
  The ghost of Alarkh the Sneak, a weakling DsDe (D:4)
  5 dart slugs
  28 orcs
  7 endoplasms
  5 giant cockroaches
  8 goblins
  2 hobgoblins (D:1)
  9 quokkas
  5 ball pythons
  3 bats
  5 frilled lizards (D:2)
  15 kobolds
  22 rats
248 creatures vanquished.

Vanquished Creatures (others)
  2 fungi (D:7)
  2 plants (D:7)
  3 withered plants
7 creatures vanquished.

Grand Total: 255 creatures vanquished

Notes
Turn   | Place    | Note
-------+----------+-------------------------------------------
     0 | D:1      | Alarkh the Demonspawn Hunter began the quest for the Orb.
     0 | D:1      | Reached XP level 1. HP: 16/16 MP: 1/1
    54 | D:1      | Found Allig's Assorted Antiques.
    58 | D:1      | Found Heverap's Assorted Antiques.
   174 | D:1      | Reached skill level 4 in Ranged Weapons
   177 | D:1      | Gained mutation: You are partially covered in razor-sharp
                  | scales. (AC +1, Slay +1) [demonic ancestry]
   177 | D:1      | Reached XP level 2. HP: 22/22 MP: 2/2
   324 | D:1      | Found Omeur's Armour Shoppe.
   411 | D:1      | Found Hat Zac's General Store.
   441 | D:1      | Found Ygo Du Sis's Armour Emporium.
   620 | D:1      | Gained mutation: Your touch may inflict minor irresistible
                  | damage on your foes. [demonic ancestry]
   620 | D:1      | Reached XP level 3. HP: 27/27 MP: 3/3
   832 | D:2      | Noticed Jessica
   844 | D:2      | Killed Jessica
   845 | D:2      | Reached skill level 5 in Ranged Weapons
   845 | D:2      | Gained mutation: Your touch may inflict irresistible damage
                  | on your foes. [demonic ancestry]
   845 | D:2      | Reached XP level 4. HP: 25/33 MP: 4/4
  1687 | D:3      | Reached skill level 1 in Stealth
  1687 | D:3      | Gained mutation: You are mostly covered in razor-sharp
                  | scales. (AC +2, Slay +2) [demonic ancestry]
  1687 | D:3      | Reached XP level 5. HP: 38/38 MP: 5/5
  1701 | D:3      | Noticed a phantom
  1777 | D:3      | Identified the +1 robe "Waurch" {Dex+2}
  1866 | D:3      | You fall into a shaft and drop 2 floors!
  1866 | D:5      | Entered Level 5 of the Dungeon
  1892 | D:4      | Reached skill level 6 in Ranged Weapons
  2682 | D:3      | Killed a phantom
  2683 | D:3      | Gained mutation: You are completely covered in razor-sharp
                  | scales. (AC +3, Slay +3) [demonic ancestry]
  2683 | D:3      | Reached XP level 6. HP: 44/44 MP: 6/6
  2720 | D:4      | Noticed Sigmund
  2784 | D:3      | Reached skill level 7 in Ranged Weapons
  2814 | D:4      | Killed Sigmund
  2815 | D:4      | Gained mutation: Your touch may irresistibly damage your
                  | foes and sap their willpower. [demonic ancestry]
  2815 | D:4      | Reached XP level 7. HP: 36/50 MP: 7/7
  3017 | D:4      | Reached skill level 8 in Ranged Weapons
  3271 | D:4      | Noticed Dowan
  3291 | D:4      | Killed Dowan
  3300 | D:4      | Noticed Duvessa
  3355 | D:4      | Found a runed translucent door.
  3357 | D:4      | Noticed Alarkh's ghost (weakling DsDe)
  3651 | D:4      | Killed Duvessa
  3652 | D:4      | Reached skill level 9 in Ranged Weapons
  3960 | D:5      | Gained mutation: You regenerate magic rapidly. [demonic
                  | ancestry]
  3960 | D:5      | Reached XP level 8. HP: 56/56 MP: 8/8
  3988 | D:5      | Noticed Blork the orc
  3997 | D:5      | Killed Blork the orc
  4236 | D:1      | Bought a runed arbalest for 240 gold pieces
  4437 | D:5      | Reached skill level 10 in Ranged Weapons
  4964 | D:6      | Reached skill level 11 in Ranged Weapons
  5081 | D:6      | Reached XP level 9. HP: 30/61 MP: 9/9
  5731 | D:6      | Noticed Grinder
  5741 | D:6      | Reached skill level 12 in Ranged Weapons
  5745 | D:6      | Killed Grinder
  5983 | D:6      | Identified the +1 helmet of Ifoo {Stlth+}
  6228 | D:6      | Found a staircase to the Ecumenical Temple.
  6233 | Temple   | Entered the Ecumenical Temple
  6336 | Temple   | Became a worshipper of Uskayaw the Reveller
  6353 | D:7      | Identified the +3 flail of Gim Inn {holy, Int+2}
  6508 | D:6      | Reached * piety under Uskayaw
  6669 | D:7      | Reached ** piety under Uskayaw
  6672 | D:7      | Reached *** piety under Uskayaw
  6678 | D:7      | Reached **** piety under Uskayaw
  6679 | D:7      | Reached skill level 13 in Ranged Weapons
  6715 | D:7      | Found a snail-covered altar of Cheibriados.
  6881 | D:7      | Found a runed translucent gate.
  6881 | D:7      | Found a runed translucent gate.
  6881 | D:7      | Found a runed translucent gate.
  6882 | D:7      | Noticed dxctxrx's ghost (novice DjTm)
  6973 | D:7      | Found an ancient bone altar of Kikubaaqudgha.
  7230 | D:4      | Killed Alarkh's ghost
  7471 | D:8      | Found Uniliynn's Antique Armour Shoppe.
  7512 | D:8      | Found Kutyry's Book Shoppe.
  7540 | D:8      | Reached XP level 10. HP: 51/67 MP: 10/10
  7652 | D:8      | Noticed Erica
  7657 | D:8      | Killed Erica
  7661 | D:8      | Reached skill level 14 in Ranged Weapons
  7677 | D:8      | Reached ***** piety under Uskayaw
  7903 | D:8      | Found Kaonkuos's Armour Shop.
  7918 | D:8      | Found Goulotuh's Weapon Shop.
  7919 | D:8      | Noticed Maggie
  7927 | D:8      | Killed Maggie
  8110 | D:8      | Noticed Gastronok
  8132 | D:8      | Killed Gastronok
  8133 | D:8      | Reached skill level 15 in Ranged Weapons
  8601 | D:8      | Found a broken altar of Ashenzari.
  8602 | D:8      | Found a basalt altar of Yredelemnul.
  8723 | D:9      | Noticed a two-headed ogre
  8728 | D:9      | Killed a two-headed ogre
  8729 | D:9      | Reached XP level 11. HP: 72/72 MP: 11/11
  8808 | D:9      | Found a transporter.
  8838 | D:9      | Found a runed translucent gate.
  8839 | D:9      | Found a runed translucent gate.
  8840 | D:9      | Found a runed translucent gate.
  8841 | D:9      | Noticed NimIero's ghost (journeyman HuBe)
  8949 | D:9      | Found a staircase to the Orcish Mines.
  9065 | D:9      | Noticed Pikel
  9080 | D:9      | Killed Pikel
  9081 | D:9      | Reached skill level 16 in Ranged Weapons
  9442 | D:9      | Reached skill level 17 in Ranged Weapons
  9442 | D:9      | Gained mutation: You are partially covered in sharp spines.
                  | [demonic ancestry]
  9442 | D:9      | Reached XP level 12. HP: 78/78 MP: 12/12
  9574 | D:9      | Found a transporter.
  9867 | D:$      | Got out of the dungeon alive.

Illustrated notes

Levels and vault maps discovered:
D:1:      lemuel_arrival_behind_the_door_small, layout_loops_corners,
          serial_shops, shop, nicolae_shop_trees, shop, shop,
          nicolae_shop_rolling_square
D:2:      layout_basic, chequers_serial_rivers_room_b, uniq_jessica
D:3:      layout_loops_corners
D:4:      layout_loops_ring, gammafunk_ghost_grave, uniq_duvessa, uniq_sigmund
D:5:      layout_cave_pods, uniq_blork_the_orc
D:6:      lemuel_ratsnest, layout_loops_ring, minmay_temple_entry_from_below_a,
          uniq_grinder
D:7:      layout_rooms, slow_altar_2, kiku_gazebo_garden_becter,
          gammafunk_ghost_nasty_kobolds
D:8:      layout_loops_ring, minitemple, serial_shops, shop,
          nicolae_lakefront_shop, shop, nicolae_shop_hallway_plus,
          minmay_unpleasant_kobolds, uniq_erica, uniq_maggie, uniq_gastronok
D:9:      gammafunk_cloud_chamber, layout_stronghold, erik_orc_1,
          ebering_ghost_rock_garden, serial_column_ruins, column_ruins_hut,
          column_ruins_grid_1, column_ruins_columns_straight,
          column_ruins_open_tiny, column_ruins_open_tiny, minivault_25,
          uniq_pikel
Temple:   eino_temple_lava

Skill      XL: |  1  2  3  4  5  6  7  8  9 10 11 |
---------------+----------------------------------+-----
Ranged Weapons | 4 5 6 7 9 11 13 15 17 | 17.8
Stealth        | 1 2 |  2.0
Fighting       | |  2.0
Dodging        | |  1.7

Action                     |  1- 3 |  4- 6 |  7- 9 | 10-12 || total
---------------------------+-------+-------+-------+-------++-------
  Melee: Short sword       |       |    12 |     6 |       ||    18
         Touch             |       |       |     1 |       ||     1
         Dagger            |       |       |       |    11 ||    11
   Fire: Shortbow          |    64 |   109 |   115 |       ||   288
         Arbalest          |       |       |   218 |   167 ||   385
    Use: Potion            |     3 |     1 |     2 |     2 ||     8
         Scroll            |       |     5 |    11 |     7 ||    23
 Armour: Leather armour    |     6 |     8 |    27 |     7 ||    48
         Skin              |       |    13 |       |    20 ||    33
         Acid dragon scale |       |       |       |    16 ||    16
  Dodge: Dodged            |    12 |    25 |    86 |    26 ||   149
